 Dungeon Crawl Stone Soup version 0.29.1-2-gbd0b4ee654 (webtiles) character file.

Game seed: 2066053757002833704

406 GorkyZ the Shield-Bearer (level 7, 0/55 HPs)
             Began as a Formicid Fighter on Nov 21, 2022.
             Slain by a black bear (6 damage)
             ... on level 4 of the Dungeon.
             The game lasted 00:13:08 (2907 turns).

GorkyZ the Shield-Bearer (Formicid Fighter)         Turns: 2907, Time: 00:13:09

Health: 0/55       AC: 13    Str: 22    XL:     7   Next: 12%
Magic:  7/7        EV:  6    Int:  8    God:
Gold:   149        SH:  5    Dex: 13    Spells: 6/6 levels left

rFire   . . .      SeeInvis +   q - +0 spear
rCold   . . .      Faith    .   c - +0 buckler
rNeg    . . .      Spirit   .   e - +0 plate armour
rPois   .          Reflect  .   (helmet unavailable)
rElec   .          Harm     .   (no cloak)
rCorr   .          Rampage  .   (no gloves)
Will    .....                   o - +0 pair of boots
Stlth   ..........              (no amulet)
HPRegen 0.18/turn               (no ring)
MPRegen 0.10/turn               (no ring)

@: no status effects
A: permanent stasis, dig shafts and tunnels, antennae 3, four strong arms
a: Dig, Shaft Self


You were on level 4 of the Dungeon.
You visited 1 branch of the dungeon, and saw 4 of its levels.

You collected 149 gold pieces.

Inventory:

Hand Weapons
 a - a +0 trident
 h - a +0 hand axe
 j - a +0 scythe
 k - a +2 whip of electrocution
 q - a +0 spear (weapon)
 s - a +3 mace
Missiles
 p - 5 atropa-tipped darts (quivered)
Armour
 b - a +0 scale mail
 c - a +0 buckler (worn)
 e - a +0 plate armour (worn)
 o - a +0 pair of boots (worn)
Scrolls
 f - 2 scrolls of teleportation {unknown}
 i - a scroll of blinking {unknown}
 l - 2 scrolls of immolation {unknown}
 n - a scroll of enchant weapon {unknown}
 r - 2 scrolls of noise {unknown}
 t - 2 scrolls of identify {unknown}
 u - a scroll of summoning {unknown}
Potions
 d - a potion of might
 g - a potion of invisibility {unknown}
 m - a potion of curing {unknown}


   Skills:
 + Level 4.4 Fighting
 + Level 3.1 Polearms
 + Level 2.1 Throwing
 + Level 4.3 Armour
 + Level 2.0 Dodging
 + Level 5.3 Shields
 + Level 2.4 Evocations


You had 6 spell levels left.
You didn't know any spells.
Your spell library was empty.

Dungeon Overview and Level Annotations

Branches:
Dungeon (4/15)
 Temple: D:4-7

Altars:
Wu Jian

Shops:
D:4 *


Innate Abilities, Weirdness & Mutations

You cannot be hasted, slowed, berserked, paralysed or teleported.
You can dig through walls and to a lower floor.
You have a pair of large antennae on your head. (SInv)
Your four strong arms can wield two-handed weapons with a shield.


Message History

You feel sick. The black bear bites you! The black bear barely misses you.
You block the black bear's attack.
You hit the black bear.
The black bear is severely wounded.
You feel sick.
You are no longer poisoned.
The black bear goes berserk!
You hit the black bear.
The black bear is severely wounded.
The black bear bites you but does no damage.
The black bear barely misses you. The black bear claws you.
The black bear bites you! The black bear barely misses you. x2
You are too injured to fight recklessly!
You are too injured to fight recklessly!
You are too injured to fight recklessly!
You hit the black bear.
The black bear is almost dead.
The black bear bites you.
The black bear claws you but does no damage.
You block the black bear's attack.
You barely miss the black bear.
The black bear is almost dead.
You block the black bear's attack.
The black bear claws you but does no damage. x2
The black bear bites you.
* * * LOW HITPOINT WARNING * * *
The black bear claws you but does no damage. x2
You barely miss the black bear.
The black bear is almost dead.
The black bear bites you.
* * * LOW HITPOINT WARNING * * *
You block the black bear's attack. The black bear claws you.
* * * LOW HITPOINT WARNING * * *
Unknown command.
You hit the black bear.
The black bear is almost dead.
The black bear bites you.
* * * LOW HITPOINT WARNING * * *
You block the black bear's attack. The black bear claws you.
You die...

...........
..........
.............
............
####............
..... ........###
###... ..........+
##...###### #h#
.#>.......######@#
.................#
...#...##.########
...#...##.#
...#...##.#
.#.#...##.# {
.#.#...##.#
.#.#...##.#
.#.#...##.#


You could see a black bear (berserk).

Vanquished Creatures
  Sigmund (D:2)
  2 scorpions (D:4)
  An orc priest (D:3)
  An orc wizard (D:3)
  An adder (D:2)
  2 worms (D:3)
  6 orcs (D:3)
  4 ball pythons
  8 endoplasms
  4 giant cockroaches
  4 hobgoblins
  6 jackals
  7 kobolds
  3 quokkas
  10 bats
  4 frilled lizards
  2 goblins
  4 rats (D:1)
70 creatures vanquished.

Vanquished Creatures (others)
  11 plants (D:3)
11 creatures vanquished.

Grand Total: 81 creatures vanquished

Notes
Turn   | Place    | Note
-------+----------+-------------------------------------------
     0 | D:1      | GorkyZ the Formicid Fighter began the quest for the Orb.
     0 | D:1      | Reached XP level 1. HP: 18/18 MP: 1/1
    76 | D:1      | Reached XP level 2. HP: 24/24 MP: 2/2
   397 | D:1      | Reached XP level 3. HP: 29/29 MP: 3/3
   887 | D:2      | Noticed Sigmund
   903 | D:2      | Killed Sigmund
   904 | D:2      | Reached skill level 1 in Throwing
   904 | D:2      | Reached skill level 1 in Dodging
   904 | D:2      | Reached skill level 1 in Evocations
   904 | D:2      | Reached XP level 4. HP: 33/37 MP: 4/4
   904 | D:2      | Reached XP level 5. HP: 38/42 MP: 5/5
  1179 | D:2      | Reached XP level 6. HP: 48/48 MP: 6/6
  1367 | D:2      | Found an ornate altar of the Wu Jian Council.
  2062 | D:3      | Reached skill level 5 in Shields
  2851 | D:4      | Found Guyxedoe's Goods Gallery.
  2880 | D:4      | Noticed a black bear
  2898 | D:4      | Reached XP level 7. HP: 43/55 MP: 7/7
  2907 | D:4      | Slain by a black bear

Illustrated notes

Levels and vault maps discovered:
D:1:      psy_arrival_basics, layout_loops_cross, minmay_distorted
D:2:      layout_basic, basic_altar, uniq_sigmund
D:3:      layout_basic, st_stairs_6, eino_tiny_chamber, serial_bayou_ford_a
D:4:      layout_basic, old_standard_altar, nicolae_alphabet_shops,
          uniq_crazy_yiuf_cottage

Skill      XL: |  1  2  3  4  5  6 |
---------------+-------------------+-----
Fighting       | 4 |  4.4
Throwing       | 1 2 |  2.1
Dodging        | 1 2 |  2.0
Evocations     | 1 2 |  2.4
Armour         | 4 |  4.3
Shields        | 5 |  5.3
Polearms       | 3 |  3.1

Action                   |  1- 3 |  4- 6 |  7- 9 || total
-------------------------+-------+-------+-------++-------
Melee: Trident           |    88 |       |       ||    88
       Hand axe          |       |    69 |       ||    69
       Spear             |       |   113 |    10 ||   123
 Abil: Dig               |       |     1 |       ||     1
Armor: Plate armour      |    39 |    89 |    12 ||   140
Dodge: Dodged            |    16 |    49 |     6 ||    71
Block: Buckler           |    17 |    29 |     5 ||    51
